 Dungeon Crawl Stone Soup version 0.30-a0-1157-g2cc9ac7196 (webtiles) character file.

Game seed: 16009721290215262914

3396 workcheese the Thaumaturge (level 10, -3/60 HPs)
             Began as a Djinni Fire Elementalist on Apr 14, 2023.
             Slain by a yak (10 damage)
             ... on level 8 of the Dungeon on Apr 24, 2023.
             The game lasted 00:29:55 (8162 turns).

workcheese the Thaumaturge (DjFE)                   Turns: 8162, Time: 00:29:56

Health: -3/60      AC:  6    Str:  7    XL:     10   Next: 24%
Gold:   279        EV: 12    Int: 20    God:
                   SH:  0    Dex: 15

rFire   + + .        s - +7 staff of the Meek {protect, meekguard}
rCold   x . .        (shield currently unavailable)
rNeg    . . .        g - +2 robe
rPois   ∞            t - +0 helmet
rElec   .            (no cloak)
rCorr   .            e - +0 pair of gloves
SInv    +            (boots unavailable)
Will    ++...        (no amulet)
Stlth   ++           L - ring of see invisible
HPRegen 0.30/turn    F - ring of willpower
MPRegen 0.00/turn

%: infuse magic (-4 HP)
@: flying
A: sickness immunity, fire resistance 2, cold vulnerability 1, float, innate
caster, HP casting, extra vitality 1
a: no special abilities


You were on level 8 of the Dungeon.
You visited 2 branches of the dungeon, and saw 9 of its levels.
You also visited: Ossuary.

You collected 279 gold pieces.

Inventory:

Hand Weapons
 a - a +2 whip of freezing
 d - a +6 dagger of flaming
 r - a +0 sling of flaming
 s - the +7 staff of the Meek (weapon) {protect, meekguard}
   (You found it on level 6 of the Dungeon)
 O - the +4 trident of Midwinter {elec, Drain rElec rPois Dex+6}
   (You took it off a gnoll on level 7 of the Dungeon)

   Dex:       It affects your dexterity (+6).
   rElec:     It insulates you from electricity.
   rPois:     It protects you from poison.
   Drain:     It drains your maximum health when unequipped.
Missiles
 m - 11 poisoned darts
 N - a throwing net
 P - 2 curare-tipped darts
Armour
 e - a +0 pair of gloves (worn)
 g - a +2 robe (worn)
 t - a +0 helmet (worn)
Jewellery
 j - a +6 ring of strength
 q - a +6 ring of dexterity
 E - a ring of protection from cold
 F - a ring of willpower (right hand)
 G - a ring of resist corrosion
 H - a ring of protection from fire
 L - a ring of see invisible (left hand)
 M - a ring of fire
Wands
 I - a wand of iceblast (35)
 Q - a wand of digging (7)
Scrolls
 c - 2 scrolls of teleportation
 h - a scroll of blinking
 i - a scroll of acquirement {unknown}
 l - a scroll of amnesia
 n - a scroll of immolation {unknown}
 o - 3 scrolls of noise
 p - 2 scrolls of vulnerability
 u - 3 scrolls of magic mapping
 v - a scroll of enchant weapon
 x - a scroll of torment
 y - 2 scrolls of poison {unknown}
 C - a scroll of brand weapon {unknown}
 D - a scroll of fog {unknown}
 K - a scroll of fear {unknown}
Potions
 b - 4 potions of degeneration
 f - a potion of ambrosia
 k - a potion of heal wounds
 w - a potion of invisibility
 z - a potion of mutation
 A - a potion of might {unknown}
 B - 2 potions of attraction
 J - a potion of magic {unknown}


   Skills:
 - Level 2.1 Dodging
 - Level 1.5 Stealth
 + Level 11.0 Spellcasting


You knew the following spells:

 Your Spells              Type           Power      Damage    Failure   Level
a - Foxfire               Conj/Fire      100%       2x1d9     1%          1
b - Magic Dart            Conj           100%       1d8       1%          1
c - Volatile Blastmotes   Fire/Tloc      100%       2d18      1%          3
d - Inner Flame           Hex/Fire       53%        N/A       1%          3
e - Flame Wave            Conj/Fire      53%        2d13      1%          4
f - Ensorcelled Hibernat  Hex/Ice        100%       N/A       1%          2
g - Vampiric Draining     Necr           53%        2d9       1%          3
h - Olgreb's Toxic Radia  Pois           53%        N/A       1%          4
z - Scorch                Fire           100%       2d9       1%          2
Your spell library was empty.

Dungeon Overview and Level Annotations

Branches:
Dungeon (8/15)             Temple (1/1) D:6         Ossuary (visited)
   Lair: D:8-11

Altars:
Cheibriados
Dithmenos
Elyvilon
Gozag
Hepliaklqana
Nemelex Xobeh
Okawaru
Ru
Trog
Uskayaw
Wu Jian
Yredelemnul
Zin
The Shining One

Shops:
D:1 (


Innate Abilities, Weirdness & Mutations

You are immune to sickness and miasma.
You are immune to poison.
Your flesh is very heat resistant. (rF++)
You are vulnerable to cold. (rC-)
You float through the air rather than walking.
You learn spells naturally, not from books.
Your magical power is your life essence.
You have superior vitality. (+4 MHP)


Message History

The yak bellows! x3; You hear a bellow!
The yak bellows!
Found 13 gold pieces.
The foxfire hits the yak.
The yak is lightly wounded.
A yak comes into view.
The yak barely misses you.
You conjure some foxfire!
The yak bellows!
The yak gores you.
Casting: Foxfire (safe; 1% risk of failure)
Confirm with . or Enter, or press ? or * to list all spells.
Flames lash the yak.
The yak is lightly wounded.
The yak's fire resistance burns away.
The foxfire hits the yak but does no damage.
The yak is lightly wounded.
The foxfire hits the yak!
The yak is burned terribly!
The yak is moderately wounded.
The yak gores you.
You conjure some foxfire!
The foxfire hits the yak but does no damage.
The yak closely misses you. The yak gores you.
Casting: Foxfire (safe; 1% risk of failure)
Confirm with . or Enter, or press ? or * to list all spells.
Flames lash the yak.
The yak is moderately wounded.
The yak's fire resistance burns away.
The foxfire hits the yak.
The yak is burned terribly!
The yak is heavily wounded.
The yak closely misses you. The yak gores you!
A wight comes into view. It is wielding a +0 halberd.
You conjure some foxfire!
The yak gores you!
The foxfire hits the yak.
The yak is lightly wounded.
The yak closely misses you.
Your foxfire dissipates!
The yak attacks as you move away! The yak closely misses you.
The yak attacks as you move away! The yak gores you!
* * * LOW HITPOINT WARNING * * *
The yak is no longer more vulnerable to fire.
The yak gores you!
You die...

....................#
###################.#
#.# #.# #.# #.# ..
#.# ....######.#
..>....@.#.#
.$.....YYY.#
#...z..Y.###
##.###.#Y# # #.#.#
#.... ###.# #.# #.#


You could see 5 yaks and a wight.

Vanquished Creatures
  Pikel (D:6)
  Sigmund (D:6)
  2 water moccasins
  An orc warrior (D:6)
  An ice beast (D:5)
  2 black bears
  2 ogres (D:6)
  2 phantoms (D:5)
  4 lemures
  A bullfrog (D:7)
  9 scorpions
  2 howler monkeys (D:6)
  3 jellies
  3 centaur zombies (Ossuary)
  3 hounds
  4 orc priests
  5 human zombies (Ossuary)
  2 gnoll boudas (D:7)
  An iron imp (D:6)
  A sleepcap (D:5)
  2 iguanas (D:5)
  3 orc wizards
  6 scorpion zombies (Ossuary)
  3 mummies (Ossuary)
  Robin (D:2)
  8 adders
  3 gnolls (D:7)
  A shadow imp (D:7)
  2 white imps (D:6)
  3 worms
  A dart slug (D:1)
  15 orcs
  3 endoplasms
  6 giant cockroaches
  2 gnoll zombies (Ossuary)
  19 goblins
  10 hobgoblins
  7 jackals
  3 quokkas
  6 ball pythons
  2 bats
  5 frilled lizards
  2 goblin zombies (Ossuary)
  A hobgoblin zombie (Ossuary)
  3 kobolds
  2 kobold zombies (Ossuary)
  6 rats
175 creatures vanquished.

Vanquished Creatures (collateral kills)
  A foxfire (Ossuary)
1 creature vanquished.

Vanquished Creatures (others)
  An orc wizard (D:6)
  666 foxfires
  15 fungi (D:6)
682 creatures vanquished.

Grand Total: 858 creatures vanquished

Notes
Turn   | Place    | Note
-------+----------+-------------------------------------------
     0 | D:1      | workcheese the Djinni Fire Elementalist began the quest for
                  | the Orb.
     0 | D:1      | workcheese set off with the following spells memorised:
                  | Foxfire, Scorch, Volatile Blastmotes, Inner Flame, Flame
                  | Wave.
     0 | D:1      | Reached XP level 1. HP: 15/15 MP: 0/0
   152 | D:1      | Reached XP level 2. HP: 17/21 MP: 0/0
   269 | D:1      | Reached skill level 3 in Spellcasting
   314 | D:1      | Found Vehikad's Weapon Shop.
   334 | D:1      | Upgraded the game from 0.30-a0-1075-gcd70e7a56d to
                  | 0.30-a0-1114-gd936c97349
   472 | D:1      | Reached XP level 3. HP: 24/25 MP: 0/0
   472 | D:1      | Learned a level 1 spell: Magic Dart
  1221 | D:2      | Found a faded altar of an unknown god.
  1229 | D:2      | Noticed Robin
  1235 | D:2      | Reached XP level 4. HP: 24/31 MP: 0/0
  1241 | D:2      | Killed Robin
  1799 | D:3      | Reached skill level 4 in Spellcasting
  1865 | D:3      | Reached XP level 5. HP: 32/35 MP: 0/0
  1865 | D:3      | Learned a level 2 spell: Ensorcelled Hibernation
  2284 | D:3      | Found an opulent altar of Gozag.
  2893 | D:4      | Found a bloodstained altar of Trog.
  2965 | D:4      | Found a sand-covered staircase.
  2970 | Ossuary  | Entered an ossuary
  3044 | Ossuary  | Reached XP level 6. HP: 32/40 MP: 0/0
  3096 | Ossuary  | Reached skill level 5 in Spellcasting
  3267 | Ossuary  | Reached XP level 7. HP: 41/45 MP: 0/0
  3267 | Ossuary  | Learned a level 3 spell: Vampiric Draining
  3272 | Ossuary  | Reached skill level 6 in Spellcasting
  3571 | Ossuary  | Reached XP level 8. HP: 32/50 MP: 0/0
  3577 | Ossuary  | Reached skill level 7 in Spellcasting
  4028 | D:4      | Found a white marble altar of Elyvilon.
  4067 | D:4      | Found an iron altar of Okawaru.
  4573 | D:5      | Entered Level 5 of the Dungeon
  4591 | D:5      | Upgraded the game from 0.30-a0-1114-gd936c97349 to
                  | 0.30-a0-1157-g2cc9ac7196
  4748 | D:5      | Reached skill level 8 in Spellcasting
  4878 | D:5      | Reached XP level 9. HP: 46/55 MP: 0/0
  4878 | D:5      | Learned a level 4 spell: Olgreb's Toxic Radiance
  4963 | D:5      | Found a hazy altar of Hepliaklqana.
  5305 | D:5      | Found a glowing silver altar of Zin.
  5305 | D:5      | Found a shadowy altar of Dithmenos.
  5398 | D:5      | Reached skill level 9 in Spellcasting
  5585 | D:6      | Found a staircase to the Ecumenical Temple.
  5613 | Temple   | Entered the Ecumenical Temple
  6001 | D:6      | Noticed Pikel
  6446 | D:6      | Found a snail-covered altar of Cheibriados.
  6629 | D:6      | Noticed Sigmund
  6637 | D:6      | Killed Sigmund
  6819 | D:6      | Killed Pikel
  6820 | D:6      | Reached skill level 10 in Spellcasting
  6820 | D:6      | Reached XP level 10. HP: 48/60 MP: 0/0
  6997 | D:6      | Found the +7 staff of the Meek {protect, meekguard}
  7779 | D:7      | Identified the +4 trident of Midwinter {elec, Drain rElec
                  | rPois Dex+6}
  7784 | D:7      | Reached skill level 11 in Spellcasting
  8162 | D:8      | Slain by a yak

Illustrated notes

Levels and vault maps discovered:
D:1:      eino_arrival_cavern_a, layout_basic, serial_shops,
          nicolae_shop_waterfront, minmay_heptomino_o4
D:2:      wander_river, layout_basic, shapermc_ecumenical_altar_pompeii,
          uniq_robin
D:3:      layout_basic, lemuel_round_altar
D:4:      dreamdust_elfheim, layout_gridville, mainiacjoe_overflow_brackets,
          okawaru_ov_weapons_minmay, kennysheep_mini_moat, enter_ossuary_5
D:5:      layout_gridville, nicolae_hepliaklqana_hippocampus,
          gammafunk_temple_overflow_elements
D:6:      layout_layer_cave, mainiacjoe_overflow_cross_hatched, slow_altar_1,
          minmay_temple_entry_slanted, pf_guarded_unrand_meek, uniq_sigmund,
          uniq_pikel
D:7:      layout_basic
D:8:      layout_basic, enter_bailey_4, uniq_gastronok
Temple:   hellmonk_temple_flake

Skill      XL: |  1  2  3  4  5  6  7  8  9 10 |
---------------+-------------------------------+-----
Spellcasting   | 3 4 5 6 8 10 11 | 11.0
Dodging        | |  2.1
Stealth        | |  1.5

Action                     |  1- 3 |  4- 6 |  7- 9 | 10-12 || total
---------------------------+-------+-------+-------+-------++-------
  Melee: Dagger            |     5 |    21 |    92 |       ||   118
         Punch             |       |       |     1 |       ||     1
         Quarterstaff      |       |       |       |     1 ||     1
   Cast: Foxfire           |    52 |   100 |   191 |    35 ||   378
         Vampiric Draining |       |       |     3 |       ||     3
         Scorch            |       |       |    31 |    27 ||    58
    Use: Scroll            |       |     8 |    11 |     1 ||    20
         Potion            |       |     2 |     7 |       ||     9
 Armour: Robe              |     1 |       |       |     5 ||     6
         Animal skin       |       |    21 |    55 |       ||    76
  Dodge: Dodged            |     6 |    44 |   126 |    23 ||   199

Table legend: (Time is in decaauts)
 A = Elapsed time spent in this place.
 B = Non-inter-level travel time spent in this place.
 C = Inter-level travel time spent in this place.
 D = Time resting spent in this place.
 E = Time spent auto-exploring this place.
 F = Levels seen in this place.
 G = Mean time per level.
                   A        B        C        D        E       F      G
               +--------+--------+--------+--------+--------+-----+--------+
         Total |   8142 |   7701 |    441 |    331 |   6060 |  10 |  814.2 |
       Dungeon |   6917 |   6485 |    432 |    331 |   5145 |   8 |  864.6 |
        Temple |    300 |    291 |      9 |      0 |    279 |   1 |  300.0 |
       Ossuary |    924 |    924 |      0 |      0 |    636 |   1 |  924.0 |
               +--------+--------+--------+--------+--------+-----+--------+

Top non-repeatable levels by time:
     D:6: 1363 daAuts
     D:5: 1319 daAuts
     D:3: 1007 daAuts
     D:2: 927 daAuts
 Ossuary: 924 daAuts
     D:1: 896 daAuts
     D:4: 825 daAuts
     D:7: 514 daAuts
  Temple: 300 daAuts
     D:8: 64 daAuts
